 Dungeon Crawl Stone Soup version 0.31-a0-430-gf8416d752b (webtiles) character file.

Game seed: 1320265012346627136

366 Struenseez the Fighter (level 6, -1/111 HPs)
             Began as an Ogre Berserker on July 31, 2023.
             Was a Believer of Trog.
             Succumbed to an orc wizard's poison
             ... on level 3 of the Dungeon.
             The game lasted 00:07:34 (2091 turns).

Struenseez the Fighter (Ogre Berserker)             Turns: 2091, Time: 00:07:35

Health: -1/111     AC:  3    Str: 22    XL:     6   Next: 68%
Magic:  6/6        EV: 10    Int:  8    God:    Trog [**....]
Gold:   128        SH:  0    Dex: 10    Spells: 5/5 levels left

rFire   . . .        a - +0 mace
rCold   . . .        (no shield)
rNeg    . . .        b - +0 animal skin
rPois   .            (helmet restricted)
rElec   .            (no cloak)
rCorr   .            (gloves unavailable)
SInv    .            (boots unavailable)
Will    ++...        (no amulet) Stlth
                     (no ring)
HPRegen 1.38/turn    (no ring)
MPRegen 0.10/turn

%: no passive effects
@: berserking, lethally poisoned (-1 -> -18), strong-willed, regenerating, very
quick
A: large, unfitting armour, tough skin 1
a: Renounce Religion, Berserk, Trog's Hand


You were on level 3 of the Dungeon.
You worshipped Trog.
Trog was pleased with you.
You visited 1 branch of the dungeon, and saw 4 of its levels.

You collected 128 gold pieces.

Inventory:

Hand Weapons
 a - a +0 mace (weapon)
Armour
 b - a +0 animal skin (worn)
Jewellery
 h - a +6 ring of intelligence
 i - a ring of ice
 m - an amulet of the acrobat
Wands
 j - a wand of flame (9)
Scrolls
 f - 2 scrolls of identify {unknown}
 g - a scroll of blinking {unknown}
 l - a scroll of fog {unknown}
 n - 2 scrolls of amnesia {unknown}
 o - a scroll of teleportation {unknown}
 p - 2 scrolls of summoning {unknown}
Potions
 c - a potion of degeneration {unknown}
 d - a potion of curing {unknown}
 e - a potion of heal wounds {unknown}
 k - a potion of resistance {unknown}


   Skills:
 + Level 8.4 Fighting
 - Level 4.0 Maces & Flails
 - Level 3.0 Dodging


You had 5 spell levels left.
You didn't know any spells.
Your spell library was empty.

Dungeon Overview and Level Annotations

Branches:
Dungeon (4/15)
 Temple: D:4-7

Altars:

Shops:
D:2 [


Innate Abilities, Weirdness & Mutations

You are too large for most types of armour.
You have tough skin. (AC +1)


Message History

The orc hits you with a +0 club.
You hear some strange, mumbled words.
Something tries to affect you, but you resist.
You closely miss the orc.
The orc is moderately wounded.
You feel very sick. The orc hits you but does no damage. Something hits you.
You are more poisoned.
You sock the orc!
You kill the orc!
Trog accepts your kill.
You feel very sick. Something hits you.
You are more poisoned.
You hear some strange, mumbled words.
A magic dart appears from out of thin air!
The magic dart hits you!
You closely miss something.
* * * LOW HITPOINT WARNING * * *
You feel extremely sick. Something hits you.
* * * LOW HITPOINT WARNING * * *
You are more poisoned.
You barely miss something.
* * * LOW HITPOINT WARNING * * *
You feel extremely sick.
You hear some strange, mumbled words.
A magic dart appears from out of thin air!
The magic dart hits you.
* * * LOW HITPOINT WARNING * * *
Your skin crawls.
You feel strong-willed.
* * * LOW HITPOINT WARNING * * *
You feel very sick. Something hits you.
* * * LOW HITPOINT WARNING * * *
You are more poisoned.
A red film seems to cover your vision as you go berserk!
You feel yourself moving faster!
You feel mighty!
You die...

.# #####.#### # #
#........# .. #.
#=.......# ####
#..#.# #........+
...#
.>....##........##
#.### .
.........{##....###.#
#.... #. .... ..
#)@.........# #....
#o###... .#
#.##....###.# #....
......... ..#
###..###.###....
.###....#. ###
###.........[.
.........
####.#......
####....####...
#.#......
.......<.......
#.#.....#
#######........
#.#.....# .........
#.#.....#


There were no monsters in sight!

Vanquished Creatures
  Sigmund (D:2)
  Terence (D:2)
  Natasha (thrice) (D:2)
  5 adders
  3 worms (D:2)
  2 dart slugs
  3 orcs (D:3)
  3 bats (D:1)
  5 endoplasms
  5 giant cockroaches
  A goblin (D:2)
  2 hobgoblins (D:1)
  6 jackals
  5 kobolds
  3 quokkas
  4 ball pythons
  4 frilled lizards
  2 rats (D:1)
58 creatures vanquished.

Notes
Turn   | Place    | Note
-------+----------+-------------------------------------------
     0 | D:1      | Struenseez the Ogre Berserker began the quest for the Orb.
     0 | D:1      | Reached XP level 1. HP: 24/24 MP: 1/1
   109 | D:1      | Reached XP level 2. HP: 32/32 MP: 2/2
   150 | D:1      | Found a faded altar of an unknown god.
   521 | D:1      | Reached XP level 3. HP: 41/41 MP: 3/3
   755 | D:2      | Reached skill level 5 in Fighting
   757 | D:2      | Noticed Sigmund
   812 | D:2      | Killed Sigmund
   813 | D:2      | Reached skill level 6 in Fighting
   813 | D:2      | Reached skill level 7 in Fighting
   813 | D:2      | Reached XP level 4. HP: 55/55 MP: 4/4
   813 | D:2      | Reached XP level 5. HP: 62/62 MP: 5/5
  1031 | D:2      | Found Paomyor's Armour Boutique.
  1036 | D:2      | Reached ** piety under Trog
  1058 | D:2      | Noticed Terence
  1067 | D:2      | Killed Terence
  1068 | D:2      | Reached XP level 6. HP: 71/71 MP: 6/6
  1581 | D:2      | Noticed Natasha
  1606 | D:2      | Killed Natasha
  1634 | D:2      | Noticed Natasha
  1766 | D:2      | Killed Natasha
  1767 | D:2      | Reached skill level 8 in Fighting
  1901 | D:2      | Noticed Natasha
  1909 | D:2      | Killed Natasha
  2090 | D:3      | HP: 3/74 [something (2)]
  2091 | D:3      | Succumbed to an orc wizard's poison

Illustrated notes

Levels and vault maps discovered:
D:1:      dpeg_arrival_tiny_a, layout_basic, ebering_ecumenical_altar_webs
D:2:      layout_rooms, serial_shops, nicolae_shop_trees, serial_park_tiny_2,
          dreamdust_princess_bridge, minmay_nonomino_d4, uniq_natasha,
          uniq_terence, uniq_sigmund
D:3:      layout_basic, gammafunk_temple_overflow_claw, minivault_26,
          nicolae_underground_beach
D:4:      layout_rooms, minmay_temple_entry_statues, ebering_ghost_sewer_d

Skill      XL: |  1  2  3  4  5  6 |
---------------+-------------------+-----
Dodging        | 3 |  3.0
Maces & Flails | 3 4 |  4.0
Fighting       | 7 8 |  8.4

Action                     |  1- 3 |  4- 6 || total
---------------------------+-------+-------++-------
  Melee: Mace              |    79 |   129 ||   208
         Punch             |     1 |     1 ||     2
 Invoke: Berserk           |     1 |     3 ||     4
         Trog's Hand       |       |     1 ||     1
 Armour: Animal skin       |    33 |    32 ||    65
  Dodge: Dodged            |    53 |    56 ||   109

Table legend: (Time is in decaauts)
 A = Elapsed time spent in this place.
 B = Non-inter-level travel time spent in this place.
 C = Inter-level travel time spent in this place.
 D = Time resting spent in this place.
 E = Time spent auto-exploring this place.
 F = Levels seen in this place.
 G = Mean time per level.
                   A        B        C        D        E       F      G
               +--------+--------+--------+--------+--------+-----+--------+
         Total |   2163 |   2061 |    102 |    346 |   1146 |   4 |  540.8 |
       Dungeon |   2163 |   2061 |    102 |    346 |   1146 |   4 |  540.8 |
               +--------+--------+--------+--------+--------+-----+--------+

Top non-repeatable levels by time:
     D:2: 1149 daAuts
     D:1: 911 daAuts
     D:3: 101 daAuts
     D:4: 1 daAuts
